 Dungeon Crawl Stone Soup version 0.28.0-53-g5a82cb258f (webtiles) character file.

Game seed: 8139456575768341680

70 Duralumin the Shield-Bearer (level 4, 0/35 (37) HPs)
             Began as a Formicid Fighter on June 14, 2022.
             Succumbed to an adder's poison
             ... on level 2 of the Dungeon.
             The game lasted 00:03:00 (1414 turns).

Duralumin the Shield-Bearer (Formicid Fighter)      Turns: 1414, Time: 00:03:01

HP:   0/35 (37)     AC:  7    Str: 23    XL:     4   Next: 44%
MP:   3/3           EV:  9    Int:  7    God:
Gold: 17            SH:  4    Dex: 10    Spells: 3/3 levels left

rFire   . . .      SeeInvis +   a - +0 war axe
rCold   . . .      Faith    .   c - +0 buckler
rNeg    . . .      Spirit   .   b - +0 scale mail
rPois   .          Reflect  .   (helmet unavailable)
rElec   .          Harm     .   (no cloak)
rCorr   .          Rampage  .   (no gloves)
Will    .....      Clarity  +   (no boots)
Stlth   ..........              (no amulet)
HPRegen 0.11/turn               (no ring)
MPRegen 0.08/turn               (no ring)

@: lethally poisoned (0 -> -2), drained
A: permanent stasis, dig shafts and tunnels, antennae 3, four strong arms,
clarity, low MP 1, subdued magic 1
a: Dig, Shaft Self


You were on level 2 of the Dungeon.
You visited 1 branch of the dungeon, and saw 2 of its levels.

You collected 17 gold pieces.

Inventory:

Hand Weapons
 a - a +0 war axe (weapon)
Armour
 b - a +0 scale mail (worn)
 c - a +0 buckler (worn)
Potions
 d - a potion of might


   Skills:
 - Level 3.7 Fighting
 + Level 3.3 Axes
 - Level 3.7 Armour
 - Level 4.1 Shields


You had 3 spell levels left.
You didn't know any spells.
Your spell library contained the following spells:

 Spells                   Type           Power      Damage    Failure   Level
 Sublimation of Blood     Necr           0%         N/A       89%         2
 Petrify                  Tmut/Erth      0%         N/A       100%        4
 Irradiate                Conj/Tmut      0%         3d13      100%        5


Dungeon Overview and Level Annotations

Branches:
Dungeon (2/15)

Altars:


Innate Abilities, Weirdness & Mutations

You cannot be hasted, slowed, berserked, paralysed or teleported.
You can dig through walls and to a lower floor.
You have a pair of large antennae on your head. (SInv)
Your four strong arms can wield two-handed weapons with a shield.
You possess an exceptional clarity of mind.
Your magical capacity is low. (-10% MP)
Your spells are a little easier to cast, but a little less powerful.


Message History

You feel yourself wasting away.
You feel resistant to heat.
* * * LOW HITPOINT WARNING * * *
You feel very sick. You block the adder's attack.
Really quaff the potion of mutation?
You feel extremely strange.
You no longer feel heat resistant.
You feel healthier.
Your connection to magic feels subdued.
You feel less energetic.
Your thoughts seem clearer.
* * * LOW HITPOINT WARNING * * *
You feel sick. The adder bites you but does no damage.
The adder barely misses you.
Unknown command.
Unknown command.
Unknown command.
Unknown command.
Unknown command.
Unknown command.
Unknown command.
Unknown command.
You barely miss the adder.
The adder is heavily wounded.
* * * LOW HITPOINT WARNING * * *
You feel sick. The adder bites you but does no damage.
You barely miss the adder.
The adder is heavily wounded.
* * * LOW HITPOINT WARNING * * *
You feel sick.
The adder bites you but does no damage. x2
You slash the adder!
You kill the adder!
* * * LOW HITPOINT WARNING * * *
You feel sick.
You extend your mandibles.
You dig through the rock wall.
You feel drained.
A rat comes into view.
* * * LOW HITPOINT WARNING * * *
You feel sick.
Okay, then.
You retract your mandibles.
You die...

## ################# ..
................####.####
........#######.@..(.>...
##.####.# ###.##.###
##.####.###### #...#
#............# #...#
....................
#..###...............
#..# #.#####.#...r...#
...# #.# ##......# ...#
#.# ##...###


You could see a rat.

Vanquished Creatures
  2 adders (D:2)
  A gnoll (D:1)
  A worm (D:2)
  2 dart slugs (D:1)
  2 bats
  4 endoplasms
  5 goblins
  3 hobgoblins (D:1)
  3 jackals (D:1)
  2 kobolds (D:1)
  3 quokkas (D:1)
  2 frilled lizards (D:1)
  A rat (D:1)
31 creatures vanquished.

Notes
Turn   | Place    | Note
-------+----------+-------------------------------------------
     0 | D:1      | Duralumin the Formicid Fighter began the quest for the Orb.
     0 | D:1      | Reached XP level 1. HP: 18/18 MP: 1/1
   157 | D:1      | Reached XP level 2. HP: 19/24 MP: 2/2
   588 | D:1      | Reached skill level 4 in Shields
   588 | D:1      | Reached XP level 3. HP: 29/29 MP: 3/3
  1300 | D:2      | Reached XP level 4. HP: 28/37 MP: 4/4
  1408 | D:2      | Gained mutation: Your body sometimes deteriorates upon
                  | taking damage. [potion of mutation]
  1408 | D:2      | Gained mutation: Your flesh is heat resistant. (rF+)
                  | [potion of mutation]
  1409 | D:2      | Lost mutation: Your flesh is heat resistant. (rF+) [potion
                  | of mutation]
  1409 | D:2      | Lost mutation: Your body sometimes deteriorates upon taking
                  | damage. [potion of mutation]
  1409 | D:2      | Gained mutation: Your spells are a little easier to cast,
                  | but a little less powerful. [potion of mutation]
  1409 | D:2      | Gained mutation: Your magical capacity is low. (-10% MP)
                  | [potion of mutation]
  1409 | D:2      | Gained mutation: You possess an exceptional clarity of
                  | mind. [potion of mutation]
  1412 | D:2      | HP: 1/37 [poisoned by an adder]
  1414 | D:2      | Succumbed to an adder's poison

Illustrated notes

Levels and vault maps discovered:
D:1:      dpeg_arrival_radiant, layout_loops_corners, minmay_statues_item
D:2:      layout_loops_ring, grunt_ministairs_12

Skill      XL: |  1  2  3 |
---------------+----------+-----
Shields        | 4 |  4.1
Axes           | 3 |  3.3
Fighting       | |  3.7
Armour         | |  3.7

Action                   |  1- 3 |  4- 6 || total
-------------------------+-------+-------++-------
Melee: War axe           |    97 |    15 ||   112
 Abil: Dig               |       |     1 ||     1
  Use: Potion            |       |     2 ||     2
Armor: Scale mail        |    52 |     9 ||    61
Dodge: Dodged            |    47 |     4 ||    51
Block: Buckler           |    27 |     4 ||    31
